← All builds
Tech / Armada / Economy first / OBSERVED BUILD

Standard tech

Armada Tech (Eco) build order · Supreme Isthmus

Rushes T2 by 4:15, gets Advanced Metal Extractor around 5:28, hands off T2 constructors to Geo and the team, then scales eco and supplies the team's T2 needs through the rest of the game.

Usually first T2 con to Geo (83%)

#eco #t2 #team support · 1574 distinct matches · 255 players · 58% of Armada Tech games · team won 53% of 1868 · Recently observed

HOW TO PLAY IT

Key timing: T2 factory by 4:15

  1. Open 3 mex and heavy wind to fund a fast T2 rush.
  2. Put down Bot Lab, planning to eat it for reclaim soon after.
  3. Get Advanced Bot Lab up, hitting the T2 factory rush timing.
  4. Upgrade mex to Advanced Metal Extractor to lock in team metal income.
  5. Eat Advanced Bot Lab and keep sending cons to Geo and Pond.

Phase by phase

TYPICAL OF ITS 1574 GAMES
  1. 1
  2. 2
  3. 3
  4. 4
PLAY THE OPENING

Follow the example game's first 6:00 step by step: what to build now, what comes next, and where it goes. At 1× it keeps pace with your own game.

  1. 1

    Up to the Bot Lab

    Economy
    • Metal Extractor3Mex
    • Wind Turbine4Wind
    Order
    1. Bot LabBot Lab after 3 mex, 4 winddone ~1:18, middle half 1:13–1:32

    Some games also: energy storage (31%)

    By 1:01 in all: 3 mex · 4 wind

    The example game in this phase · 4 steps
    1. Mex ×3
    2. Wind ×4
    3. Energy storage
    4. Bot LabBot Labdone 1:32 · typical 1:18
  2. 2

    Bot Lab to Advanced Bot Lab

    Economy
    • Metal Extractor1Mex
    • Wind Turbine8Wind
    • Energy Storage1Energy storage
    Order
    1. Advanced Bot LabAdvanced Bot Lab after 4 mex, 12 wind, 3 con turretdone ~4:16, middle half 4:04–4:30
    Builders
    • Construction Turret3 Con turret
    • Lazarus3 Lazarus
    • Construction Bot2 Con bot
    • Construction Bot1 Con bot for allies

    Some games also: converter (36%)

    By 3:18 in all: 4 mex · 12 wind · 1 energy storage · 3 con turret

    The example game in this phase · 12 steps
    1. LazarusLazarus
    2. Construction BotCon bot
    3. LazarusLazarus
    4. Construction BotCon bot
    5. LazarusLazarus
    6. Con turret
    7. Wind
    8. Construction BotCon botfor Air
    9. Mex
    10. Wind
    11. Con turret ×2
    12. Advanced Bot LabAdvanced Bot Labdone 4:10 · typical 4:16
  3. 3

    Advanced Bot Lab to 5:00

    Economy
    • Wind Turbine3Wind
    Order
    1. Bot LabEat Bot Lab
    Builders
    • Advanced Construction Bot1 T2 con bot for allies

    Some games also: converter (35%)

    By 5:00 in all: 4 mex · 15 wind · 1 converter · 1 energy storage · 3 con turret

    The example game in this phase · 5 steps
    1. Wind ×5
    2. Bot LabEat Bot Labreclaimed for its metal
    3. Wind ×2
    4. FatboyFatboyfor Ponddone 5:02
    5. Wind
  4. 4

    5:00 to 10:00

    Economy
    • Wind Turbine43Wind
    • Energy Converter6Converter
    Builders
    • Butler9 Butler
    • Advanced Construction Bot4 T2 con bot for allies
    • Advanced Construction Bot1 T2 con bot

    Some games also: con turret (43%) · Butler for allies (37%)

    By 10:00 in all: 4 mex · 58 wind · 8 converter · 1 energy storage · 3 con turret

    The example game in this phase · 208 steps
    1. Advanced Construction BotT2 con botfor Geo
    2. Advanced Metal ExtractorT2 mexdone 5:46 · typical 5:29
    3. Advanced Construction BotT2 con botfor Air
    4. Advanced Metal ExtractorT2 mex ×2
    5. Advanced Construction BotT2 con bot
    6. Advanced Construction BotT2 con botfor unknown
    7. ButlerButler ×2for unknown
    8. Advanced Metal ExtractorT2 mex
    9. Advanced Construction BotT2 con bot ×2for Pond
    10. ButlerButler ×7
    11. Wind
    12. ButlerButler
    13. Wind
    14. ButlerButler
    15. Wind
    16. ButlerButler
    17. Wind
    18. ButlerButler
    19. Wind ×3
    20. ButlerButler
    21. Converter
    22. Wind
    23. ButlerButler
    24. Wind
    25. Converter
    26. Wind ×4
    27. Converter
    28. ButlerButler
    29. Wind ×2
    30. Converter
    31. Wind ×2
    32. ButlerButler
    33. Wind
    34. Converter
    35. Wind ×3
    36. ButlerButler
    37. Converter
    38. Wind ×5
    39. Converter
    40. ButlerButler
    41. Wind ×3
    42. Converter
    43. Wind
    44. Converter
    45. Wind ×5
    46. Converter
    47. ButlerButler
    48. Converter
    49. Wind ×4
    50. Converter ×2
    51. Wind ×5
    52. UmbrellaAnti-nukedone 11:34
    53. Converter ×2
    54. Wind ×6
    55. Converter ×2
    56. Wind ×6
    57. Converter ×2
    58. Wind ×7
    59. Converter ×2
    60. Wind ×5
    61. Converter
    62. Wind ×3
    63. Converter
    64. Wind ×5
    65. Converter ×2
    66. Wind ×8
    67. Converter ×2
    68. Wind ×6
    69. Converter
    70. Wind ×2
    71. Converter
    72. Wind ×4
    73. Converter
    74. Wind
    75. Converter
    76. Wind ×6
    77. Advanced Construction BotT2 con bot
    78. Converter
    79. Wind
    80. Converter
    81. Wind
    82. GunslingerGunslingerfor unknowndone 11:57
    83. Wind ×4
    84. Converter
    85. Wind ×2
    86. Converter
    87. Wind ×3
    88. Converter
    89. Wind
    90. Converter
    91. Wind ×5
    92. Converter
    93. Wind
    94. GunslingerGunslingerfor unknown
    95. Converter
    96. Wind ×4
    97. Converter
    98. Wind ×4
    99. Converter
    100. Wind ×4
    101. Converter
    102. Wind ×4
    103. Converter
    104. Wind ×2
    105. Converter
    106. Wind ×2
    107. Advanced Construction BotT2 con bot
    108. Wind
    109. Converter
    110. Wind ×3
    111. Converter
    112. Wind ×4
    113. Converter
    114. Wind ×3
    115. Converter
    116. Wind ×4
    117. Converter
    118. Wind
    119. Converter
    120. Wind ×5
    121. Fusion ReactorFusiondone 13:53
    122. Wind ×2
    123. Converter ×2
    124. Wind ×5
    125. Converter ×2
    126. Wind ×7
    127. Converter ×2
    128. Wind ×6
    129. Converter
    130. Wind ×2
    131. Converter
    132. Wind ×3
    133. Advanced Metal ExtractorT2 mex
    134. Wind
    135. Converter
    136. Wind ×2
    137. Converter
    138. Wind ×4
    139. Converter
    140. Wind ×2
    141. Converter
    142. Wind ×2
    143. Metal storage
    144. Wind ×4
    145. Converter
    146. Wind
    147. Converter
    148. Wind ×4
    149. Converter
    150. Wind
    151. Converter
    152. Wind ×5
    153. Converter
    154. Wind ×3
    155. Converter
    156. Wind ×4
    157. Converter
    158. Wind ×3
    159. Converter
    160. Wind ×5
    161. Converter
    162. Wind ×2
    163. Converter
    164. Wind ×2
    165. Con turret
    166. Wind ×3
    167. Advanced Metal ExtractorT2 mex
    168. Converter
    169. Wind
    170. Converter
    171. Wind ×6
    172. Converter
    173. Wind ×2
    174. Converter
    175. Wind ×4
    176. Converter
    177. Wind
    178. Converter
    179. Wind ×3
    180. TracerTracer
    181. Wind
    182. Advanced Bot LabEat Advanced Bot Labreclaimed for its metal
    183. Wind ×2
    184. Converter
    185. Wind
    186. Converter
    187. Wind ×3
    188. Con turret
    189. Wind ×2
    190. Converter
    191. Wind ×2
    192. Converter
    193. Wind ×2
    194. Con turret
    195. Wind ×3
    196. Converter
    197. Wind
    198. ChainsawChainsaw
    199. Wind ×2
    200. Converter
    201. Wind ×2
    202. Converter
    203. Wind ×6
    204. Converter
    205. ChainsawChainsaw
    206. Wind
    207. Converter
    208. Wind ×4

Counts are medians over the build's games: half of them build more, half fewer. The example game is Ecky9's (32 OS, 20/09/2026); pick another.

Team trades

IN AT LEAST 30% OF ITS GAMES

You hand over

  • Construction Bot1 Con bot to Airfirst at 2:24 · in 84% of games
  • Advanced Construction Bot5 T2 con bot to Air or Geo sea or Pondfirst at 4:50 · in 99% of games
  • Butler2 Butler to Geo sea or Beach sea or Pondfirst at 9:07 · in 42% of games

You get

  • Hercules1 Light transport from Airfirst at 4:01 · in 86% of games

How it plays out

Typical game of this build, running totals by minute

Metal produced

020k40k
0:005:0010:0015:00

metal

Enemy metal destroyed

050100
0:005:0010:0015:00

metal

Own metal lost

050100150
0:005:0010:0015:00

metal

1868 games.

Show as table
ByMetal produced: This buildEnemy metal destroyed: This buildOwn metal lost: This build
1:0038300
2:0091500
3:00165100
4:00314300
5:00484800
6:00580000
7:00722700
8:00906100
9:001116900
10:001350200
11:001623900
12:001965200
13:002344100
14:0027357074
15:003153885130
WHAT THE NUMBERS SAY

Standard Tech play barely fights at all early, instead pouring metal into T2 infrastructure and constructors for the team.

  • + Metal produced hits 31679 by 15:00, by far the highest of any role here.
  • + T2 factory reached in 97% of games by 4:15, fastest and most reliable T2 timing.
  • − Enemy metal destroyed stays at 0 through 10:00, no early offense at all.
  • − Own metal lost also near 0, showing total avoidance of combat risk.
THE EXAMPLE YOU ARE READING

Ecky9

32.3 OS · 20/09/2026

Open source match ↗

1 received units
3058 metal received · 133795 energy received

Allied construction assistance is unknown. Timings are observations, not a promise of solo reproducibility.

Typical milestones

Bot Lab1:18Middle 50%: 1:13–1:32 · n=1868
Advanced Bot Lab4:16Middle 50%: 4:04–4:30 · n=1861
Advanced Metal Extractor5:29Middle 50%: 5:06–5:59 · n=1864

Played most by

Amrissa93games of this buildTheGeneraI66games of this buildAdeus57games of this buildEl_Turco56games of this buildKOT_43games of this build